 Dungeon Crawl Stone Soup version 0.28-a0-1182-g381e24db82 (webtiles) character file.

Game seed: 11331844854928904383

0 spiderkeys the Skirmisher (level 1, -7/19 HPs)
             Began as a Palentonga Abyssal Knight on Dec 17, 2021.
             Was a Follower of Lugonu.
             Mangled by a shadow demon (10 damage)
             ... on level 1 of the Abyss.
             The game lasted 00:00:13 (334 turns).

spiderkeys the Skirmisher (PaAK)                     Turns: 334, Time: 00:00:14

Health: -7/19      AC:  4    Str: 16    XL:     1   Next: 0%
Magic:  2/2        EV:  9    Int: 10    God:    Lugonu [*.....]
Gold:   47         SH:  0    Dex: 10    Spells: 0/0 levels left

rFire   . . .      SeeInvis +   a - +1 hand axe
rCold   . . .      Faith    .   (no shield)
rNeg    . . .      Spirit   .   b - +0 leather armour
rPois   .          Reflect  .   (no helmet)
rElec   .          Harm     .   (no cloak)
rCorr   .          Rampage  .   (no gloves)
Will    .....                   (no barding)
Stlth   +.........              (no amulet)
HPRegen 0.06/turn               (no ring)
MPRegen 0.08/turn               (no ring)

@: no status effects
A: large, rugged brown scales 3, see invisible, deformed body, roll 1, armoured
tail
a: Rolling Charge, Renounce Religion, Depart the Abyss


You were on level 1 of the Abyss.
You worshipped Lugonu.
Lugonu was aware of your devotion.
You visited 0 branches of the dungeon, and saw 0 of its levels.
You visited the Abyss 1 time.

You collected 47 gold pieces.


Innate Abilities, Weirdness & Mutations

You are completely covered in rugged brown scales. (AC +3, +7% HP)
You have supernaturally acute eyesight. (SInv)
Armour fits poorly on your strangely shaped body.
You can roll at nearby foes to attack.
You have a long armoured tail.


   Skills:
 + Level 3.0 Fighting
 + Level 2.0 Axes
 + Level 1.5 Armour
 + Level 0.7 Dodging
 + Level 2.0 Invocations


You couldn't memorise any spells.
You didn't know any spells.
Your spell library was empty.

Inventory:

Hand Weapons
 a - a +1 hand axe (weapon)
Armour
 b - a +0 leather armour (worn)

Dungeon Overview and Level Annotations

Branches:
Dungeon (0/15)

Altars:

####
###..######
#.@2X# .#.##
# #####....#
. ##
#.#.#.#.#..##
### 2. .....#
##.# .###
.#...## ##
##.## ##ยง# #
X#..# .# 2.#
#....##


You could see a tentacled starspawn and a shadow demon.


Message History

๐Ÿค– Initializing magus.rc ... โœ… Successfully initialized magus.rc [v1.9.10] Welcome, spiderkeys the Palentonga Abyssal Knight.
The Orb of Zot is coveted for many reasons.
Will you seize it for your own?
Lugonu says: Depart the Abyss and spread corruption, my servant! (use the ability menu to exit the Abyss) Press ? for a list of commands and other information.
Found a corrupted altar of Lugonu.
Found a gateway leading out of the Abyss.
You now have 16 gold pieces.
You now have 25 gold pieces (gained 9).
You now have 37 gold pieces (gained 12).
Found a corrupted altar of Lugonu.
There is a corrupted altar of Lugonu here.
You now have 47 gold pieces (gained 10).
A tentacled starspawn materialises.
A tentacled starspawn is nearby!
A tentacle flies out from the starspawn's body!
A starspawn tentacle comes into view.
A starspawn tentacle comes into view.
A large abomination comes into view.
Unknown command.
A shadow demon comes into view.
The shadow demon gives a loud, deep croak!
The shadow demon hits you!
Ouch! That really hurt!
* * * LOW HITPOINT WARNING * * *
๐Ÿ˜ฑ HP[-15]
You take 15 damage, and now have 4/19 hp.
MASSIVE DAMAGE!! (PAUSE)
You hit the shadow demon but do no damage.
The shadow demon hits you.
* * * LOW HITPOINT WARNING * * *
๐Ÿ˜ฑ HP[-1]
You take 1 damage, and now have 3/19 hp.
You hit the shadow demon but do no damage.
The shadow demon hits you!
Ouch! That really hurt!
You die...

Action                   || total
-------------------------++-------
Melee: Hand axe          ||     2

Levels and vault maps discovered:
Abyss:1:  base: Temple, evilmike_abyss_exit_mutagenic, base: Temple,
          gammafunk_corrupted_shrine

Notes
Turn   | Place    | Note
-------+----------+-------------------------------------------
     0 | Abyss:1  | spiderkeys the Palentonga Abyssal Knight began the quest
                  | for the Orb.
     0 | Abyss:1  | Reached XP level 1. HP: 19/19 MP: 2/2
     0 | Abyss:1  | magus.rc [v1.9.10]
    81 | Abyss:1  | Found a corrupted altar of Lugonu.
   313 | Abyss:1  | Noticed a tentacled starspawn
   317 | Abyss:1  | Noticed a large abomination
   318 | Abyss:1  | Noticed a shadow demon
   332 | Abyss:1  | HP: 4/19 [shadow demon (15)]
   334 | Abyss:1  | Mangled by a shadow demon

Vanquished Creatures (others)
  2 starspawn tentacles (Abyss:1)
2 creatures vanquished.

Table legend:
 A = Non-vault XP
 B = Vault XP
 C = Vault XP percentage of total XP
 D = Non-vault monster count
 E = Vault monster count
 F = Vault count percentage of total count
                 A         B        C        D         E       F
            +---------+---------+-------+---------+---------+-------
      Total |       0 |       0 |   N/A |       0 |       0 |  -nan
            +---------+---------+-------+---------+---------+-------
            +---------+---------+-------+---------+---------+-------

Illustrated notes

Table legend: (Time is in decaauts)
 A = Elapsed time spent in this place.
 B = Non-inter-level travel time spent in this place.
 C = Inter-level travel time spent in this place.
 D = Time resting spent in this place.
 E = Time spent auto-exploring this place.
 F = Levels seen in this place.
 G = Mean time per level.
                   A        B        C        D        E       F      G
               +--------+--------+--------+--------+--------+-----+--------+
         Total |    334 |    334 |      0 |      0 |    311 |   1 |  334.0 |
         Abyss |    334 |    334 |      0 |      0 |    311 |   1 |  334.0 |
               +--------+--------+--------+--------+--------+-----+--------+

Top non-repeatable levels by time:
 Abyss:1: 334 daAuts
